 Dungeon Crawl Stone Soup version 0.22-a0-482-g76e0a5f (webtiles) character file.

110310 epen the Grappler (level 16, 0/161 HPs)
             Began as a Troll Abyssal Knight on June 17, 2018.
             Was an Elder of Lugonu.
             Slain by a jumping spider (2 damage)
             ... summoned by a deep elf mage
             ... on level 1 of the Elven Halls.
             The game lasted 01:13:42 (26123 turns).

epen the Grappler (Troll Abyssal Knight)           Turns: 26123, Time: 01:13:43

Health: 0/161      AC:  5    Str: 26    XL:     16   Next: 6%
Magic:  20/24      EV:  7    Int:  8    God:    Lugonu [****..]
Gold:   2137       SH:  0    Dex: 14    Spells: 15/15 levels left

rFire    + . .     SeeInvis .     - Unarmed
rCold    + . .     Gourm    +   (no shield)
rNeg     . . .     Faith    .   O - +0 troll leather armour
rPois    .         Spirit   .   c - +2 hat
rElec    .         Reflect  .   X - +2 cloak {+Inv}
rCorr    .         Harm     .   (gloves unavailable)
MR       ++...                  (boots unavailable)
Stlth    +++.......             s - amulet of regeneration
HPRegen  1.56/turn              V - ring of protection from magic
MPRegen  0.19/turn              S - ring of Ketehu {rF+ rC+ Stlth+}

@: corroded, very slightly contaminated, held, heavily drained
A: large, unfitting armour, claws 3, molten scales 1, thin skeletal structure 1,
yellow scales 1, fast metabolism 3, gourmand, regeneration 1, shaggy fur 1,
tough skin 2, subdued magic 1
a: Depart the Abyss, Bend Space, Banish, Corrupt, Renounce Religion, Evoke
Invisibility


You were on level 1 of the Elven Halls.
You worshipped Lugonu.
Lugonu was greatly pleased with you.
You were completely stuffed.

You visited 4 branches of the dungeon, and saw 24 of its levels.
You visited the Abyss 2 times.
You also visited: Labyrinth, Sewer and Ice Cave.

You collected 2137 gold pieces.

Inventory:

Missiles
 r - a throwing net
 J - 36 large rocks (quivered)
Armour
 c - a +2 hat (worn)
 j - a +0 large shield of reflection
 w - a +2 robe of magic resistance
 O - a +0 troll leather armour (worn)
 X - a +2 cloak of invisibility (worn)
 Y - the +4 shield of Modesty {rPois}
   (You acquired it on level 2 of the Orcish Mines)

   It protects you from poison.
Jewellery
 h - an uncursed ring of protection from fire
 o - an uncursed ring of protection from fire
 s - an amulet of regeneration (around neck)
 t - an uncursed amulet of the gourmand {unknown}
 A - an uncursed ring of poison resistance
 G - an uncursed ring of resist corrosion
 P - an uncursed ring of positive energy
 Q - an uncursed ring of ice
 S - the ring of Ketehu (right claw) {rF+ rC+ Stlth+}
   (You found it in an ice cave)

   [ring of protection from cold]

   It protects you from fire.
   It protects you from cold.
   It makes you more stealthy.
 V - a ring of protection from magic (left claw)
 W - an uncursed ring of fire
Wands
 p - a wand of digging (22)
 q - a wand of acid (5)
 C - a wand of iceblast (27)
 M - a wand of scattershot (1)
Scrolls
 a - 4 scrolls of fog
 f - 10 scrolls of teleportation
 g - 6 scrolls of amnesia
 i - 3 scrolls of fear
 l - 9 scrolls of remove curse
 D - 2 scrolls of enchant weapon
 L - 2 scrolls of blinking
 R - 2 scrolls of enchant armour
 T - 5 scrolls of identify
Potions
 d - 5 potions of might
 e - 3 potions of berserk rage
 m - 9 potions of curing
 n - 8 potions of flight
 u - a potion of brilliance
 x - 2 potions of heal wounds
 z - 3 potions of haste
 F - 2 potions of mutation
 H - 2 potions of cancellation
 K - 3 potions of agility
 U - a potion of resistance
Comestibles
 b - 39 rations
 k - 9 chunks of flesh


   Skills:
 + Level 10.8(9.4) Fighting
 * Level 5.6(4.4) Throwing
 + Level 7.1(5.9) Armour
 + Level 10.1(8.7) Dodging
 * Level 6.3(5.1) Shields
 + Level 14.7(13.2) Unarmed Combat
 + Level 12.7(11.2) Invocations


You had 15 spell levels left.
You didn't know any spells.
Your spell library contained the following spells:

 Spells                   Type           Power        Failure   Level  Hunger
 Cause Fear               Hex            #.........   99%         4    #####..
 Magic Dart               Conj           #...         38%         1    ##.....
 Fireball                 Conj/Fire      #.........   100%        5    ######.
 Bolt of Fire             Conj/Fire      #.........   100%        6    #######
 Slow                     Hex            #.......     54%         2    ###....
 Confuse                  Hex            #.......     78%         3    ####...
 Throw Frost              Conj/Ice       #.....       54%         2    ###....
 Ring of Flames           Chrm/Fire      #.........   100%        7    #######
 Iskenderun's Mystic Bla  Conj           #.......     99%         4    #####..
 Animate Dead             Necr           N/A          99%         4    #####..
 Pain                     Necr           #...         38%         1    ##.....
 Animate Skeleton         Necr           N/A          38%         1    ##.....
 Vampiric Draining        Necr           #.........   78%         3    ####...
 Freeze                   Ice            #...         38%         1    ##.....
 Summon Ice Beast         Ice/Summ       #.......     99%         4    #####..
 Ozocubu's Armour         Chrm/Ice       #.......     78%         3    ####...
 Regeneration             Chrm/Necr      #.........   78%         3    ####...
 Tukima's Dance           Hex            #.......     78%         3    ####...
 Stone Arrow              Conj/Erth      #.....       78%         3    ####...
 Dragon Form              Tmut           #.........   100%        7    #######
 Throw Icicle             Conj/Ice       #.......     99%         4    #####..
 Confusing Touch          Hex            #.....       38%         1    ##.....
 Passwall                 Tmut/Erth      #.......     54%         2    ###....
 Ignite Poison            Fire/Tmut/Pois #.......     78%         3    ####...
 Sticks to Snakes         Tmut           #.......     54%         2    ###....
 Ensorcelled Hibernation  Hex/Ice        #.....       54%         2    ###....
 Metabolic Englaciation   Hex/Ice        #.........   100%        5    ######.
 Corona                   Hex            #......      38%         1    ##.....
 Lee's Rapid Deconstruct  Erth           #.........   100%        5    ######.
 Sandblast                Erth           #.....       38%         1    ##.....
 Portal Projectile        Hex/Tloc       #.....       78%         3    ####...
 Petrify                  Tmut/Erth      #.......     99%         4    #####..
 Leda's Liquefaction      Hex/Erth       #.........   99%         4    #####..
 Shroud of Golubria       Chrm/Tloc      #.........   54%         2    ###....
 Inner Flame              Hex/Fire       #.......     78%         3    ####...
 Fulminant Prism          Conj/Hex       #.........   99%         4    #####..
 Dazzling Spray           Conj/Hex       #.....       78%         3    ####...
 Force Lance              Conj/Tloc      #.......     99%         4    #####..
 Infusion                 Chrm           #...         38%         1    ##.....
 Song of Slaying          Chrm           #.......     54%         2    ###....
 Spectral Weapon          Hex/Chrm       #.......     78%         3    ####...
 Searing Ray              Conj           #.....       54%         2    ###....
 Summon Forest            Summ/Tloc      #.........   100%        5    ######.
 Gell's Gravitas          Tloc           #.........   78%         3    ####...
 Yara's Violent Unravell  Hex/Tmut       #.........   100%        5    ######.
 Ignition                 Fire           #.........   100%        8    #######


Dungeon Overview and Level Annotations

Branches:
Dungeon (15/15)            Temple (0/1) D:5            Lair (6/6) D:11
 Shoals (0/4) Lair:4       Spider (0/4) Lair:3        Slime (0/5) Lair:5
    Orc (2/2) D:11            Elf (1/3) Orc:2        Vaults (0/5) D:14
 Depths (0/5) D:15

Altars:
Fedhas
Xom
Yredelemnul
Beogh
Jiyva

Shops:
D:15 %   Orc:2 [}}[

Annotations:
D:6 Prince Ribbit
Orc:2 corrupted


Innate Abilities, Weirdness & Mutations

You are too large for most types of armour.
You have claws for hands.
Your metabolism is lightning-fast.
You like to eat raw meat.
Your natural rate of healing is unusually fast.
You are covered in fur. (AC +1)
You have very tough skin. (AC +2)
You are partially covered in molten scales. (AC +2)
You have a somewhat thin skeletal structure. (Dex +2, Stealth)
You are partially covered in yellow scales. (AC +2)
Your spells are a little easier to cast, but a little less powerful.


Message History

You throw a large rock. The large rock hits the sun demon.
The sun demon is lightly wounded.
The smoke demon disappears in a puff of smoke!
The jumping spider leaps!
The jumping spider pounces on you!
* * * LOW HITPOINT WARNING * * *
The jumping spider bites you.
* * * LOW HITPOINT WARNING * * *
Throwing (i - inventory. (/) - cycle)
J - 37 large rocks (quivered)
Press: ? - help, Shift-Dir - straight line, f/p - deep elf mage
Aim: a deep elf mage, wielding a short sword (almost dead)
You throw a large rock.
The large rock closely misses the jumping spider.
The large rock hits the sun demon but does no damage.
The sun demon is lightly wounded.
The jumping spider pounces on you!!
* * * LOW HITPOINT WARNING * * *
You are caught in a web!
The jumping spider bites you but does no damage.
The jumping spider pounces on you.
You die...

##.## ##.##
##.## .#
##+####.##
#.##...##.##
#'.....'##
##.......##
#).......e#####
+.....§§.ss3s@+
#........r#####
##.....).##
#'#...^.##
#.###...## #)#
##'## #.# #.#
.# #.# # #.#


You could see a demonic crawler, a sun demon, a deep elf mage, a jumping spider,
a redback and a hell rat.

Vanquished Creatures
  Frances (D:11)
  A stone giant (Orc:2)
  A deep elf demonologist (Elf:1)
  3 dire elephants (Lair:6)
  An ettin (D:15)
  Josephine (D:11)
  An anaconda (Lair:6)
  2 centaur warriors
  A queen ant (D:12)
  14 two-headed ogres
  An ogre mage (D:15)
  An orc high priest (Orc:2)
  3 tengu warriors (D:15)
  3 deep elf knights
  A hell knight (D:15)
  An unseen horror (D:13)
  A wizard (D:14)
  11 ugly things
  4 orc knights
  A deep elf archer (Orc:2)
  4 orc sorcerers (Orc:2)
  16 deep elf magi
  A wolf spider (Lair:3)
  2 manticores
  9 cyclopes
  Maurice (D:11)
  4 elephants (Lair:6)
  7 centaur zombies
  An ice statue (IceCv)
  3 black mambas
  7 spiny frogs
  2 gargoyles
  7 komodo dragons
  4 rime drakes
  2 efreet
  5 meliai (D:15)
  15 polar bears (IceCv)
  2 jumping spiders (Lair:3)
  10 trolls
  8 blink frogs
  12 hippogriffs
  A meliai zombie (D:13)
  5 slime creatures (D:13)
  An air elemental (Elf:1)
  A spriggan (D:9)
  3 shadows
  2 vampires
  4 wraiths
  2 redbacks (Lair:3)
  5 wyverns
  Sigmund (D:4)
  42 yaks
  2 basilisks
  Eustachio (D:4)
  Grum (D:9)
  5 hungry ghosts
  Menkaure (D:6)
  7 vampire mosquitoes (D:13)
  3 wargs
  25 soldier ants
  11 water moccasins
  2 hell hounds (D:11)
  Duvessa (D:5)
  4 porcupines
  40 orc warriors
  3 necrophages (D:12)
  An ice beast (D:9)
  3 sky beasts
  3 black bears
  A hornet zombie (D:12)
  5 phantoms
  24 ogres
  31 wolves
  14 centaurs
  Blork the orc (D:5)
  10 bullfrogs
  13 crocodiles
  3 big kobolds
  An earth elemental (Elf:1)
  2 wyvern zombies
  Dowan (D:5)
  2 scorpions
  A water moccasin skeleton (D:8)
  7 killer bees
  17 wights
  3 howler monkeys
  4 electric eels (D:10)
  6 crimson imps
  7 hounds
  2 jellies (D:13)
  25 orc wizards
  Crazy Yiuf (D:5)
  26 orc priests
  5 bullfrog skeletons
  6 centaur skeletons
  3 iguanas
  Ijyb (D:5)
  5 hell rats
  30 worker ants
  Terence (D:3)
  A killer bee zombie (D:7)
  A hound zombie (D:7)
  2 hound skeletons (D:4)
  4 mummies
  A howler monkey skeleton (D:9)
  13 adders
  2 shadow imps
  3 oozes
  An adder zombie (D:7)
  11 worms
  4 leopard geckos
  112 orcs
  9 ball pythons
  4 giant cockroaches
  6 goblins
  4 hobgoblins
  18 jackals
  A quokka (D:8)
  5 bats
  4 frilled lizards
  2 jackal skeletons
  29 kobolds
  2 quokka skeletons
  4 rats
  4 plants
860 creatures vanquished.

Vanquished Creatures (others)
  A frost giant (IceCv)
  2 orc warlords (Orc:2)
  2 entropy weavers (D:12)
  A minotaur (Lab)
  A slime creature (D:14)
  The ghost of Laiders72 the Fighter, a journeyman MiBe of Trog (D:10)
  6 hydras
  A centaur warrior (D:15)
  A two-headed ogre (D:11)
  3 orc high priests (Orc:2)
  An orc sorcerer (Orc:2)
  3 ugly things
  A manticore (D:15)
  A gargoyle (D:15)
  2 kobold demonologists (D:15)
  3 trolls
  A meliai (D:15)
  2 polar bears (IceCv)
  8 orc warriors (Orc:2)
  An ogre (Orc:2)
  A killer bee (D:9)
  11 orc priests (Orc:2)
  An orc wizard (Orc:2)
  12 orcs (Orc:2)
  A fungus (Lair:6)
  3 plants (Lair:6)
  2 withered plants (D:12)
73 creatures vanquished.

Grand Total: 933 creatures vanquished

Notes
Turn   | Place    | Note
-------+----------+-------------------------------------------
     0 | Abyss:1  | epen the Troll Abyssal Knight began the quest for the Orb.
     0 | Abyss:1  | Reached XP level 1. HP: 22/22 MP: 1/1
    13 | D:1      | Escaped the Abyss
   334 | D:1      | You fall through a shaft!
   340 | D:2      | Reached XP level 2. HP: 22/29 MP: 2/2
   891 | D:2      | Reached XP level 3. HP: 26/36 MP: 0/3
  1275 | D:2      | Reached skill level 3 in Unarmed Combat
  1280 | D:2      | Reached ** piety under Lugonu
  1577 | D:3      | Reached XP level 4. HP: 35/44 MP: 4/4
  1595 | D:3      | Noticed a black bear
  1597 | D:3      | Found a blossoming altar of Fedhas.
  1611 | D:3      | Found a transporter.
  1622 | D:3      | Found a transporter.
  1808 | D:3      | Noticed Terence
  1815 | D:3      | Killed Terence
  2040 | D:4      | Noticed Sigmund
  2061 | D:4      | Killed Sigmund
  2061 | D:4      | Reached skill level 4 in Unarmed Combat
  2061 | D:4      | Reached XP level 5. HP: 15/53 MP: 4/6
  2061 | D:4      | Reached XP level 6. HP: 18/61 MP: 4/7
  2348 | D:4      | Reached *** piety under Lugonu
  2662 | D:4      | Noticed Eustachio
  2672 | D:4      | Killed Eustachio
  2672 | D:4      | Reached skill level 5 in Unarmed Combat
  2672 | D:4      | Reached XP level 7. HP: 38/68 MP: 8/8
  2922 | D:5      | Entered Level 5 of the Dungeon
  2950 | D:5      | Noticed Blork the orc
  2951 | D:5      | Noticed Dowan
  2952 | D:5      | Noticed Duvessa
  2955 | D:5      | Noticed Ijyb
  2958 | D:5      | Killed Blork the orc
  2964 | D:5      | Killed Duvessa
  2968 | D:5      | Killed Ijyb
  2968 | D:5      | Reached skill level 6 in Unarmed Combat
  2971 | D:5      | Killed Dowan
  2992 | D:5      | Reached XP level 8. HP: 67/78 MP: 10/10
  3039 | D:5      | Found a glowing drain.
  3059 | Sewer    | Entered a sewer
  3670 | D:5      | Reached **** piety under Lugonu
  3738 | D:5      | Found a staircase to the Ecumenical Temple.
  3822 | D:5      | Found a runed door.
  4128 | D:5      | Noticed Crazy Yiuf
  4136 | D:5      | Killed Crazy Yiuf
  4359 | D:6      | Reached skill level 7 in Unarmed Combat
  4655 | D:6      | Noticed Prince Ribbit
  4667 | D:6      | Noticed Menkaure
  4698 | D:6      | Killed Menkaure
  4816 | D:6      | Reached skill level 5 in Fighting
  4838 | D:6      | Reached skill level 5 in Invocations
  4888 | D:6      | Reached XP level 9. HP: 88/88 MP: 11/11
  5117 | D:7      | Got a polished long sword
  5118 | D:7      | Identified the +6 long sword of Gokyg {vamp, +Rage} (You found it on level 7 of the Dungeon)
  5386 | D:6      | Reached skill level 8 in Unarmed Combat
  5539 | D:7      | Reached skill level 5 in Dodging
  6194 | D:8      | Reached skill level 9 in Unarmed Combat
  6301 | D:4      | Found a basalt altar of Yredelemnul.
  6755 | D:8      | Reached ***** piety under Lugonu
  6882 | D:8      | Got a shimmering war axe
  6883 | D:8      | Identified the +5 war axe "Zodoggoch" {flame, rPois rC+ Dex+3} (You found it on level 8 of the Dungeon)
  7009 | D:8      | Reached XP level 10. HP: 91/98 MP: 13/13
  7749 | D:9      | Noticed Grum
  7756 | D:9      | Reached skill level 10 in Unarmed Combat
  7768 | D:9      | Killed Grum
  8336 | D:9      | Noticed a two-headed ogre
  8346 | D:9      | Killed a two-headed ogre
  8688 | D:10     | Entered Level 10 of the Dungeon
  8766 | D:10     | Reached XP level 11. HP: 42/107 MP: 15/15
  9701 | D:10     | Noticed Laiders72's ghost (journeyman MiBe)
  9720 | D:10     | Banished Laiders72's ghost
  9720 | D:10     | Reached skill level 11 in Unarmed Combat
  9974 | D:11     | Identified a scroll of acquirement
 10006 | D:11     | Noticed a two-headed ogre
 10007 | D:11     | Banished a two-headed ogre
 10030 | D:11     | Found a labyrinth entrance.
 10039 | Lab      | Entered a labyrinth
 10253 | Lab      | Noticed a minotaur
 10255 | Lab      | Banished a minotaur
 10380 | D:11     | Reached skill level 1 in Shields
 10402 | D:11     | Found a staircase to the Lair.
 10564 | D:11     | Found a staircase to the Orcish Mines.
 10703 | D:11     | Noticed a two-headed ogre
 10711 | D:11     | Killed a two-headed ogre
 10711 | D:11     | Reached skill level 1 in Armour
 10743 | D:11     | Noticed a white ugly thing
 10746 | D:11     | Banished a white ugly thing
 10764 | D:11     | Noticed a six-headed hydra
 10768 | D:11     | Banished a six-headed hydra
 10868 | D:11     | Noticed a cyan ugly thing
 10868 | D:11     | Noticed a two-headed ogre
 10874 | D:11     | Killed a two-headed ogre
 10875 | D:11     | Banished a cyan ugly thing
 11015 | D:11     | epen: ??acrobat
 11015 | D:11     | beem: amulet of the acrobat[1/1]: Increases EV by a large amount (currently +15) during move and wait actions. Doesn't take effect until worn at full HP, like amulet of regen. New in 0.22. Gives no bonus if you attacked with Wu Jian abilities during your move action.
 11102 | D:12     | Reached XP level 12. HP: 102/118 MP: 16/18
 11280 | D:12     | Noticed a two-headed ogre
 11291 | D:12     | HP: 4/118 [two-headed ogre/giant club (7)]
 11296 | D:11     | Killed a two-headed ogre
 11296 | D:11     | Reached skill level 12 in Unarmed Combat
 11700 | D:12     | Found a frozen archway.
 11714 | IceCv    | Entered an ice cave
 11761 | IceCv    | Reached skill level 10 in Invocations
 12046 | IceCv    | Gained mutation: You are partially covered in yellow scales. (AC +2) [potion of mutation]
 12046 | IceCv    | Gained mutation: You are partially covered in molten scales. (AC +2) [potion of mutation]
 12046 | IceCv    | Gained mutation: You have a somewhat thin skeletal structure. (Dex +2, Stealth) [potion of mutation]
 12283 | IceCv    | Noticed a frost giant
 12527 | IceCv    | Banished a frost giant
 12527 | IceCv    | Reached XP level 13. HP: 126/126 MP: 19/19
 12569 | IceCv    | Identified the Grimoire of Spatial Shape Shifting
 12576 | IceCv    | Got a shimmering brass ring
 12578 | IceCv    | Identified the ring of Ketehu {rF+ rC+ Stlth+} (You found it in an ice cave)
 12811 | D:12     | Reached skill level 13 in Unarmed Combat
 12837 | D:12     | Noticed an entropy weaver
 12841 | D:12     | Noticed an entropy weaver
 12842 | D:12     | Reached ****** piety under Lugonu
 12842 | D:12     | Banished an entropy weaver
 12848 | D:12     | Banished an entropy weaver
 13722 | Lair:1   | Entered Level 1 of the Lair of Beasts
 15210 | Lair:3   | Found a hole to the Spider Nest.
 15928 | Lair:4   | Reached skill level 5 in Armour
 16193 | Lair:4   | Found a staircase to the Shoals.
 17258 | Lair:5   | Found a viscous altar of Jiyva.
 17258 | Lair:5   | Found a staircase to the Slime Pits.
 17317 | Lair:6   | Entered Level 6 of the Lair of Beasts
 17389 | Lair:6   | Reached XP level 14. HP: 140/140 MP: 21/21
 18471 | Lair:6   | Reached skill level 14 in Unarmed Combat
 18835 | D:13     | Noticed Frances
 18951 | D:11     | Killed Frances
 19565 | D:13     | Reached skill level 10 in Fighting
 19871 | Orc:1    | Entered Level 1 of the Orcish Mines
 19879 | Orc:1    | Noticed Josephine
 19881 | Orc:1    | Noticed Maurice
 20050 | D:11     | Killed Maurice
 20086 | D:11     | Killed Josephine
 20158 | Orc:1    | Found a roughly hewn altar of Beogh.
 20381 | Orc:2    | Entered Level 2 of the Orcish Mines
 20382 | Orc:2    | epen: ты тут
 20382 | Orc:2    | epen: ща
 20382 | Orc:2    | epen: докурю
 20382 | Orc:2    | epen: чё там
 20382 | Orc:2    | epen: когда припрётся?
 20382 | Orc:2    | namelastname112: там короче
 20382 | Orc:2    | namelastname112: кто припрется
 20382 | Orc:2    | namelastname112: хз пока
 20382 | Orc:2    | namelastname112: я ток встал
 20382 | Orc:2    | epen: лол
 20382 | Orc:2    | epen: ну звони тогда
 20382 | Orc:2    | namelastname112: ща я поссу и приду
 20382 | Orc:2    | epen: хули
 20540 | Orc:2    | Reached skill level 1 in Throwing
 20601 | Orc:2    | Got a polished shield
 20607 | Orc:2    | Identified the +4 shield of Modesty {rPois} (You acquired it on level 2 of the Orcish Mines)
 20930 | Orc:2    | Noticed an orc warlord
 20952 | Orc:2    | Escaped the Abyss
 20953 | Orc:2    | Corrupted Orc:2
 20972 | Orc:2    | Killed an orc warlord
 21279 | Orc:2    | Found a roughly hewn altar of Beogh.
 21419 | Orc:2    | Noticed an orc warlord
 21420 | Orc:2    | Found Izi Nyn's Antique Armour Boutique.
 21421 | Orc:2    | Banished an orc warlord
 21444 | Orc:2    | Found Jathokud's Gadget Shop.
 21444 | Orc:2    | Noticed a stone giant
 21454 | Orc:2    | Killed a stone giant
 21464 | Orc:2    | Reached XP level 15. HP: 47/150 MP: 16/23
 21603 | Orc:2    | Found a roughly hewn altar of Beogh.
 21635 | Orc:2    | Found Wam Nus's Armour Shop.
 21950 | Orc:2    | Found Cerghuyp's Gadget Emporium.
 21955 | Orc:2    | Gained mutation: Your spells are a little easier to cast, but a little less powerful. [a neqoxec]
 22094 | Orc:2    | Found a staircase to the Elven Halls.
 23541 | D:14     | Found a gate to the Vaults.
 23548 | D:14     | Reached skill level 5 in Shields
 23668 | D:15     | Entered Level 15 of the Dungeon
 24327 | D:15     | Found a staircase to the Depths.
 24914 | D:15     | Found a shimmering altar of Xom.
 24931 | D:15     | Reached skill level 5 in Throwing
 25124 | D:15     | Found Niro Yss's Food Emporium.
 25154 | D:15     | Reached skill level 10 in Dodging
 25587 | Elf:1    | Entered Level 1 of the Elven Halls
 25914 | Elf:1    | Reached XP level 16. HP: 149/161 MP: 24/24
 26116 | Elf:1    | HP: 8/161 [deep elf mage/bolt of negative energy (23)]
 26123 | Elf:1    | HP: 2/161 [jumping spider[a deep elf mage] (18)]
 26123 | Elf:1    | Slain by a jumping spider

Vault maps used:
D:1:      shiori_shiawase
D:3:      gammafunk_temple_overflow_arena, uniq_terence
D:4:      lemuel_upstairs_altar, first_ration, uniq_sigmund, uniq_eustachio
D:5:      wad_pebble_path, minmay_temple_entry_glassed_door,
          cheibrodos_sewer_entry_bend, uniq_crazy_yiuf_cottage, uniq_duvessa,
          uniq_ijyb, uniq_blork_the_orc
D:6:      uniq_prince_ribbit1, uniq_menkaure
D:8:      serial_corexii_hall, corexii_hall_statues_i, corexii_hall_statues_x
D:9:      the_bakery, lemuel_flame_loot_1, uniq_grum
D:10:     serial_bayou_lagoon_b
D:11:     minmay_lair_entry_lava, lab_entry_generic, corexii_leaking_fountain
D:12:     serial_undead, serial_undead_d, serial_undead_d, serial_undead_d,
          serial_undead_f, serial_undead_b, serial_undead_e,
          portal_ice_cave_entry_pillars_1, minivault_29
D:13:     uniq_frances
D:14:     david_vaults_1
D:15:     hangedman_depths_entry_civil_slaughter, minmay_misc_feat_nine_boxes,
          serial_shops, shop, basic_altar
Lair:1:   lemuel_old_faithful
Lair:2:   infiniplex_staircase_pool_2, grunt_megastairs_3, lemuel_fruit_tree,
          serial_bayou_shore_b, lemuel_fruit_fields
Lair:3:   spider_nest_entry_funnel_web
Lair:4:   shoals_dummy_entry, grunt_megastairs_4, serial_bayou_shore_b
Lair:5:   dpeg_slime_entry_enclosed_altar
Lair:6:   due_jungle_book, grunt_megastairs_1, serial_bayou_shore_b
Orc:1:    basic_altar, uniq_josephine, uniq_maurice
Orc:2:    pubby_orc_utopia
Elf:1:    minmay_elf_arrival_plus, basic_altar, orc_legates
Lab:      labyrinth_hidden_loot, nicolae_lab_lava, lab_hedge,
          labyrinth_skeletal_remains, nicolae_lab_very_dead_end
Sewer:    sewer_co_scattered_pipes
IceCv:    ice_cave_caverns_03

Skill      XL: |  1  2  3  4  5  6  7  8  9 10 11 12 13 14 15 |
---------------+----------------------------------------------+-----
Dodging        | 2 3 4 5 6 7 8 9 10 | 10.1
Invocations    | 2 3 4 5 6 7 9 10 11 12 | 12.7
Unarmed Combat | 3 4 5 6 7 9 10 11 12 13 14 | 14.7
Fighting       | 3 4 5 6 7 8 9 10 | 10.8
Shields        | 1 4 6 |  6.3
Armour         | 1 3 5 6 7 |  7.1
Throwing       | 2 5 |  5.6

Action                   |  1- 3 |  4- 6 |  7- 9 | 10-12 | 13-15 | 16-18 || total
-------------------------+-------+-------+-------+-------+-------+-------++-------
Melee: Unarmed           |   116 |   108 |   433 |   826 |  1553 |    50 ||  3086
       Punch             |     2 |     1 |    19 |    48 |   141 |     6 ||   217
Throw: Tomahawk          |       |       |     1 |       |       |       ||     1
       Large rock        |       |       |       |       |    19 |     2 ||    21
Invok: Banish            |       |       |       |    13 |    37 |     2 ||    52
       Bend Space        |       |       |       |       |     2 |     1 ||     3
       Depart the Abyss  |       |       |       |       |     1 |       ||     1
       Corrupt           |       |       |       |       |     1 |       ||     1
       Enter the Abyss   |       |       |       |       |     1 |       ||     1
Evoke: Wand              |       |       |       |     1 |     2 |       ||     3
  Use: Scroll            |       |       |    13 |    10 |    10 |     1 ||    34
       Potion            |       |       |       |     4 |     1 |     4 ||     9
 Stab: Sleeping          |       |     2 |       |       |    20 |       ||    22
       Distracted        |       |       |       |       |     3 |       ||     3
  Eat: Ration            |     1 |       |     1 |       |     2 |       ||     4
       Chunk             |    11 |    13 |    54 |    55 |   143 |     2 ||   278
Armor: Robe              |    37 |    37 |    90 |    72 |       |       ||   236
       Skin              |       |       |    18 |       |       |       ||    18
       Troll leather arm |       |       |       |   124 |   496 |    25 ||   645
Dodge: Dodged            |    51 |    57 |   230 |   508 |   993 |    56 ||  1895

Table legend:
 A = Spawn XP
 B = Non-spawn XP
 C = Spawn XP percentage of total XP
 D = Spawn monster count
 E = Non-spawn monster count
 F = Spawn count percentage of total count
 G = Total turns spent on level
                    A         B        C        D         E        F      G
               +---------+---------+-------+---------+---------+-------+---------
         Total |       0 |  157586 |   0.0 |       0 |     887 |   0.0 | 26123
               +---------+---------+-------+---------+---------+-------+---------
           D:1 |       0 |      17 |   0.0 |       0 |       9 |   0.0 |   824
           D:2 |       0 |      70 |   0.0 |       0 |      19 |   0.0 |   663
           D:3 |       0 |     234 |   0.0 |       0 |      27 |   0.0 |   632
           D:4 |       0 |     754 |   0.0 |       0 |      23 |   0.0 |   983
           D:5 |       0 |     737 |   0.0 |       0 |      23 |   0.0 |   754
           D:6 |       0 |    1162 |   0.0 |       0 |      28 |   0.0 |  1086
           D:7 |       0 |    1718 |   0.0 |       0 |      35 |   0.0 |  1034
           D:8 |       0 |     995 |   0.0 |       0 |      14 |   0.0 |   735
           D:9 |       0 |    5127 |   0.0 |       0 |      43 |   0.0 |  1417
          D:10 |       0 |    3251 |   0.0 |       0 |      27 |   0.0 |  1321
          D:11 |       0 |   14139 |   0.0 |       0 |      62 |   0.0 |  1605
          D:12 |       0 |   13707 |   0.0 |       0 |      86 |   0.0 |  1335
          D:13 |       0 |    8366 |   0.0 |       0 |      60 |   0.0 |   928
          D:14 |       0 |   15284 |   0.0 |       0 |      35 |   0.0 |  1130
          D:15 |       0 |   20020 |   0.0 |       0 |      53 |   0.0 |  1496
        Lair:1 |       0 |    2962 |   0.0 |       0 |      17 |   0.0 |   673
        Lair:2 |       0 |    1921 |   0.0 |       0 |      10 |   0.0 |   606
        Lair:3 |       0 |    5569 |   0.0 |       0 |      23 |   0.0 |   971
        Lair:4 |       0 |    2410 |   0.0 |       0 |      12 |   0.0 |   860
        Lair:5 |       0 |    1278 |   0.0 |       0 |      10 |   0.0 |   597
        Lair:6 |       0 |   14691 |   0.0 |       0 |      39 |   0.0 |  1366
         Orc:1 |       0 |    2484 |   0.0 |       0 |      26 |   0.0 |   460
         Orc:2 |       0 |   21887 |   0.0 |       0 |     130 |   0.0 |  2379
         Elf:1 |       0 |    7376 |   0.0 |       0 |      13 |   0.0 |   346
           Lab |       0 |     596 |   0.0 |       0 |       1 |   0.0 |   254
         Sewer |       0 |      47 |   0.0 |       0 |      16 |   0.0 |   547
         IceCv |       0 |   10784 |   0.0 |       0 |      46 |   0.0 |  1088
               +---------+---------+-------+---------+---------+-------+---------
